NCAA
VIRGINIA TECH HOKIES @ OREGON STATE BEAVERS
04/14/2024
 
TOP OF THE 1ST
Virginia Tech Hokies batting - Pitching for Oregon State Beavers : RHP Jon Sexton
Pitching: RHP Jon Sexton
Batting: RHB Jerry Moore 0-0: Ball
1-0: Ball
2-0: Ball
3-0: Called Strike
3-1: Foul Ball, location: 2F
3-2: Strikes out swinging
Batting: LHB Ken Walden 0-0: Ball
1-0: Called Strike
1-1: Ball
2-1: Ground out 4-3 (Groundball, 4)
Batting: RHB Francisco González 0-0: Ball
1-0: Ball
2-0: SINGLE (Flyball, 9LS)
Batting: RHB Felipe Núñez 0-0: 2-RUN HOME RUN (Flyball, 7LD), Distance : 328 ft
Batting: RHB Matt Dickson 0-0: Ball
1-0: Foul Ball, location: 2F
1-1: Ball
2-1: Ground out 6-3 (Groundball, 6)
Top of the 1st over - 2 run(s), 2 hit(s), 0 error(s), 0 left on base; Virginia Tech 2 - Oregon State 0
BOTTOM OF THE 1ST
Oregon State Beavers batting - Pitching for Virginia Tech Hokies : RHP Joel Bailey
Pitching: RHP Joel Bailey
Batting: RHB Ben Barker 0-0: Ball
1-0: Called Strike
1-1: Ball
2-1: Called Strike
2-2: Ball
3-2: Fly out, F7 (Flyball, 78M)
Batting: RHB Jorge Costa 0-0: Called Strike
0-1: Swinging Strike
0-2: Ball
1-2: SINGLE (Line Drive, 34)
Batting: LHB Charlie Dennis 0-0: Fly out, F7 (Flyball, 7LM)
Batting: RHB Elvis Hendrix 0-0: Fly out, F8 (Line Drive, 8RS)
Bottom of the 1st over - 0 run(s), 1 hit(s), 0 error(s), 1 left on base; Virginia Tech 2 - Oregon State 0
TOP OF THE 2ND
Virginia Tech Hokies batting - Pitching for Oregon State Beavers : RHP Jon Sexton
Batting: RHB Gilberto Bracamontes 0-0: Ball
1-0: Ball
2-0: Ball
3-0: Base on Balls
Batting: LHB Larry Ringer 0-0: Called Strike
0-1: Swinging Strike
0-2: Ball
1-2: Ball
2-2: Foul Ball, location: 2F
2-2: Foul Ball, location: 2F
2-2: Strikes out swinging
Batting: RHB Doug Hunt 0-0: Ball
1-0: Fly out, F8 (Flyball, 8RM)
Batting: LHB Kenny Harris 0-0: Called Strike
0-1: Ball
1-1: Fly out, F7 (Flyball, 7M)
Top of the 2nd over - 0 run(s), 0 hit(s), 0 error(s), 1 left on base; Virginia Tech 2 - Oregon State 0
BOTTOM OF THE 2ND
Oregon State Beavers batting - Pitching for Virginia Tech Hokies : RHP Joel Bailey
Batting: RHB Abraham Hardy 0-0: Called Strike
0-1: Ball
1-1: Fly out, F8 (Flyball, 8LM)
Batting: LHB Bob Johnson 0-0: Ball
1-0: Ball
2-0: Ball
3-0: Called Strike
3-1: Base on Balls
Batting: LHB Carlos Gutiérrez 0-0: Ball
1-0: Ball
2-0: Ball
3-0: Called Strike
3-1: Foul Ball, location: 2F
3-2: SINGLE (Groundball, 6M)
Bob Johnson to second
Batting: SHB Gerald Young 0-0: Called Strike
0-1: Fly out, F5 (Popup, 5SF)
Batting: RHB Francisco Hernández 0-0: Ball
1-0: Swinging Strike
1-1: Ground out 6-3 (Groundball, 6)
Bottom of the 2nd over - 0 run(s), 1 hit(s), 0 error(s), 2 left on base; Virginia Tech 2 - Oregon State 0
TOP OF THE 3RD
Virginia Tech Hokies batting - Pitching for Oregon State Beavers : RHP Jon Sexton
Batting: RHB Jerry Moore 0-0: Ground out 6-3 (Groundball, 6M)
Batting: LHB Ken Walden 0-0: Foul Ball, location: 2F
0-1: Foul Ball, location: 2F
0-2: Ball
1-2: Ball
2-2: Ball
3-2: SINGLE (Line Drive, 9S)
Batting: RHB Francisco González 0-0: Called Strike
0-1: Foul Ball, location: 2F
0-2: Strikes out swinging
Batting: RHB Felipe Núñez 0-0: Ground out 6-3 (Groundball, 6)
Top of the 3rd over - 0 run(s), 1 hit(s), 0 error(s), 1 left on base; Virginia Tech 2 - Oregon State 0
BOTTOM OF THE 3RD
Oregon State Beavers batting - Pitching for Virginia Tech Hokies : RHP Joel Bailey
Batting: RHB Ben Barker 0-0: Ball
1-0: SINGLE (Line Drive, 7LS)
Batting: RHB Jorge Costa 0-0: Ball
1-0: Grounds into double play, 4-6-3 (Groundball, 4)
Batting: LHB Charlie Dennis 0-0: Swinging Strike
0-1: Ball
1-1: Foul Ball, location: 2F
1-2: Ball
2-2: Foul Ball, location: 2F
2-2: Strikes out swinging
Bottom of the 3rd over - 0 run(s), 1 hit(s), 0 error(s), 0 left on base; Virginia Tech 2 - Oregon State 0
TOP OF THE 4TH
Virginia Tech Hokies batting - Pitching for Oregon State Beavers : RHP Jon Sexton
Batting: RHB Matt Dickson 0-0: Ball
1-0: Called Strike
1-1: Swinging Strike
1-2: Ball
2-2: Foul Ball, location: 2F
2-2: Strikes out swinging
Batting: RHB Gilberto Bracamontes 0-0: Called Strike
0-1: Foul Ball, location: 2F
0-2: Ball
1-2: Foul Ball, location: 2F
1-2: Ball
2-2: Strikes out swinging
Batting: LHB Larry Ringer 0-0: Swinging Strike
0-1: Ball
1-1: Foul Ball, location: 2F
1-2: Foul Ball, location: 2F
1-2: Ball
2-2: Foul Ball, location: 2F
2-2: Foul Ball, location: 2F
2-2: Strikes out looking
Top of the 4th over - 0 run(s), 0 hit(s), 0 error(s), 0 left on base; Virginia Tech 2 - Oregon State 0
BOTTOM OF THE 4TH
Oregon State Beavers batting - Pitching for Virginia Tech Hokies : RHP Joel Bailey
Batting: RHB Elvis Hendrix 0-0: Fly out, F6 (Popup, 6D)
Batting: RHB Abraham Hardy 0-0: Ground out 1-3 (Groundball, 13)
Batting: LHB Bob Johnson 0-0: Ball
1-0: Foul Ball, location: 2F
1-1: Ball
2-1: Ball
3-1: Base on Balls
Batting: LHB Carlos Gutiérrez 0-0: Ground out 4-3 (Groundball, 4)
Bottom of the 4th over - 0 run(s), 0 hit(s), 0 error(s), 1 left on base; Virginia Tech 2 - Oregon State 0
TOP OF THE 5TH
Virginia Tech Hokies batting - Pitching for Oregon State Beavers : RHP Jon Sexton
Batting: RHB Doug Hunt 0-0: Foul Ball, location: 2F
0-1: Foul Ball, location: 2F
0-2: Ball
1-2: Ball
2-2: SINGLE (Line Drive, 89S)
Batting: LHB Kenny Harris 0-0: Ball
1-0: Ball
2-0: Ball
Doug Hunt steals 2nd base
3-0: Called Strike
3-1: Base on Balls
Batting: RHB Jerry Moore 0-0: Hit by Pitch
Doug Hunt to third
Kenny Harris to second
Batting: LHB Ken Walden 0-0: Ball
1-0: Ball
2-0: Called Strike
2-1: Swinging Strike
2-2: Ball
3-2: Fly out, F8 (Flyball, 8LM)
Runner from 3rd tags up, SCORES, no throw
Pitching: RHP Nelson Chávez
Batting: RHB Francisco González 0-0: Grounds into double play, 6-4-3 (Groundball, 6M)
Top of the 5th over - 1 run(s), 1 hit(s), 0 error(s), 1 left on base; Virginia Tech 3 - Oregon State 0
BOTTOM OF THE 5TH
Oregon State Beavers batting - Pitching for Virginia Tech Hokies : RHP Joel Bailey
Batting: SHB Gerald Young 0-0: Called Strike
0-1: Ground out 5-3 (Groundball, 56S)
Batting: RHB Francisco Hernández 0-0: Called Strike
0-1: Swinging Strike
0-2: Ball
1-2: Ball
2-2: Foul Ball, location: 2F
2-2: Strikes out swinging
Batting: RHB Ben Barker 0-0: Ball
1-0: Ball
2-0: Ball
3-0: Called Strike
3-1: Called Strike
3-2: Fly out, F6 (Popup, 6S)
Bottom of the 5th over - 0 run(s), 0 hit(s), 0 error(s), 0 left on base; Virginia Tech 3 - Oregon State 0
TOP OF THE 6TH
Virginia Tech Hokies batting - Pitching for Oregon State Beavers : RHP Nelson Chávez
Batting: RHB Felipe Núñez 0-0: Called Strike
0-1: Called Strike
0-2: Ball
1-2: Ball
2-2: Strikes out swinging
Batting: RHB Matt Dickson 0-0: Called Strike
0-1: Swinging Strike
0-2: Foul Ball, location: 2F
0-2: Foul Ball, location: 2F
0-2: Strikes out swinging
Batting: RHB Gilberto Bracamontes 0-0: Called Strike
0-1: Ball
1-1: Ground out 6-3 (Groundball, 6M)
Top of the 6th over - 0 run(s), 0 hit(s), 0 error(s), 0 left on base; Virginia Tech 3 - Oregon State 0
BOTTOM OF THE 6TH
Oregon State Beavers batting - Pitching for Virginia Tech Hokies : RHP Joel Bailey
Batting: RHB Jorge Costa 0-0: Ground out 6-3 (Groundball, 6M)
Batting: LHB Charlie Dennis 0-0: Called Strike
0-1: Ball
1-1: Called Strike
1-2: Foul Ball, location: 2F
1-2: Ball
2-2: Foul Ball, location: 2F
2-2: Ball
3-2: Base on Balls
Batting: RHB Elvis Hendrix 0-0: Ball
1-0: Grounds into double play, 5-4-3 (Groundball, 5)
Bottom of the 6th over - 0 run(s), 0 hit(s), 0 error(s), 0 left on base; Virginia Tech 3 - Oregon State 0
TOP OF THE 7TH
Virginia Tech Hokies batting - Pitching for Oregon State Beavers : RHP Nelson Chávez
Batting: LHB Larry Ringer 0-0: Fly out, F4 (Popup, 4MS)
Pitching: RHP Todd Harris
Batting: RHB Doug Hunt 0-0: Called Strike
0-1: Ball
1-1: Ball
2-1: Foul Ball, location: 2F
2-2: Fly out, F8 (Flyball, 78M)
Batting: LHB Kenny Harris 0-0: Ball
1-0: Foul Ball, location: 2F
1-1: Ball
2-1: SINGLE (Line Drive, 78M)
Batting: RHB Jerry Moore 0-0: Fly out, F7 (Flyball, 7M)
Top of the 7th over - 0 run(s), 1 hit(s), 0 error(s), 1 left on base; Virginia Tech 3 - Oregon State 0
BOTTOM OF THE 7TH
Oregon State Beavers batting - Pitching for Virginia Tech Hokies : RHP Joel Bailey
Batting: RHB Abraham Hardy 0-0: Ball
1-0: Ball
2-0: Ball
3-0: Base on Balls
Batting: LHB Bob Johnson 0-0: Ball
1-0: Ball
2-0: Called Strike
2-1: SINGLE (Groundball, 5D)
Abraham Hardy to second
Pitching: LHP Ángel Rodríguez
Batting: LHB Carlos Gutiérrez 0-0: Ball
1-0: Ball
2-0: Called Strike
2-1: Fly out, F4 (Popup, 3D)
Batting: SHB Gerald Young 0-0: Called Strike
0-1: Ball
1-1: Swinging Strike
1-2: Strikes out looking
Batting: RHB Francisco Hernández 0-0: Called Strike
0-1: Fly out, F8 (Flyball, 8LS)
Bottom of the 7th over - 0 run(s), 1 hit(s), 0 error(s), 2 left on base; Virginia Tech 3 - Oregon State 0
TOP OF THE 8TH
Virginia Tech Hokies batting - Pitching for Oregon State Beavers : RHP Todd Harris
Batting: LHB Ken Walden 0-0: Ball
1-0: Called Strike
1-1: Foul Ball, location: 2F
1-2: Foul Ball, location: 2F
1-2: SINGLE (Line Drive, 7LM)
Batting: RHB Francisco González 0-0: SINGLE (Line Drive, 8RS)
Ken Walden to second
Batting: RHB Felipe Núñez 0-0: Foul Ball, location: 2F
0-1: Foul Ball, location: 2F
0-2: Strikes out swinging
Batting: RHB Matt Dickson 0-0: Foul Ball, location: 2F
0-1: Ball
1-1: Ball
2-1: Swinging Strike
2-2: Foul Ball, location: 2F
2-2: Ball
3-2: SINGLE (Line Drive, 7S)
Ken Walden to third
Francisco González to second
Batting: RHB Gilberto Bracamontes 0-0: Foul Ball, location: 2F
0-1: Ball
1-1: Ball
2-1: Ball
3-1: Swinging Strike
3-2: Base on Balls
Ken Walden scores
Francisco González to third
Matt Dickson to second
Pitching: LHP George Wilder
Batting: LHB Larry Ringer 0-0: Ball
1-0: Foul Ball, location: 2F
1-1: Ball
2-1: Ball
3-1: Grounds into double play, 4-6-3 (Groundball, 34)
Top of the 8th over - 1 run(s), 3 hit(s), 0 error(s), 2 left on base; Virginia Tech 4 - Oregon State 0
BOTTOM OF THE 8TH
Oregon State Beavers batting - Pitching for Virginia Tech Hokies : LHP Ángel Rodríguez
Batting: RHB Ben Barker 0-0: SINGLE (Line Drive, 78M)
Batting: RHB Jorge Costa 0-0: Ball
1-0: Ball
2-0: Called Strike
2-1: Ball
Passed Ball!
Ben Barker to second
3-1: Ground out 5-3 (Groundball, 5S)
Ben Barker to third
Batting: LHB Charlie Dennis 0-0: Ball
1-0: Ball
2-0: DOUBLE (Line Drive, 3D)
Ben Barker scores
Pitching: RHP Sergio Álvarez
Batting: RHB Elvis Hendrix 0-0: DOUBLE (Line Drive, 56D)
Charlie Dennis scores
Batting: RHB Abraham Hardy 0-0: Ball
1-0: Ground out 5-3 (Groundball, 5S)
Elvis Hendrix to third
Batting: LHB Bob Johnson 0-0: Called Strike
0-1: Swinging Strike
0-2: Ball
1-2: Foul Ball, location: 2F
1-2: Fly out, F5 (Popup, 5SF)
Bottom of the 8th over - 2 run(s), 3 hit(s), 0 error(s), 1 left on base; Virginia Tech 4 - Oregon State 2
TOP OF THE 9TH
Virginia Tech Hokies batting - Pitching for Oregon State Beavers : LHP George Wilder
Batting: RHB Doug Hunt 0-0: Ball
1-0: Called Strike
1-1: Ground out 4-3 (Groundball, 4)
Batting: LHB Kenny Harris 0-0: Called Strike
0-1: Called Strike
0-2: Strikes out swinging
Batting: RHB Jerry Moore 0-0: Ball
1-0: Swinging Strike
1-1: Ball
2-1: Called Strike
2-2: Ball
3-2: Strikes out swinging
Top of the 9th over - 0 run(s), 0 hit(s), 0 error(s), 0 left on base; Virginia Tech 4 - Oregon State 2
BOTTOM OF THE 9TH
Oregon State Beavers batting - Pitching for Virginia Tech Hokies : RHP Sergio Álvarez
Pitching: LHP John Judson
Batting: LHB Carlos Gutiérrez 0-0: Ball
1-0: Called Strike
1-1: Called Strike
1-2: Ball
2-2: SINGLE (Line Drive, 3D)
Batting: SHB Gerald Young 0-0: Ball
1-0: SINGLE (Groundball, 3D) (infield hit)
Carlos Gutiérrez to second
Pinch Hitting: RHB Ron Murphy 0-0: SINGLE (Line Drive, 4D)
Carlos Gutiérrez to third
Gerald Young to second
Runner from 3rd tries for Home, SAFE, throw made home
Batting: RHB Ben Barker 0-0: Ball
1-0: Ball
2-0: Ball
3-0: Base on Balls
Gerald Young to third
Ron Murphy to second
Batting: RHB Jorge Costa 0-0: Ball
1-0: Ball
2-0: Called Strike
2-1: Foul Ball, location: 2F
2-2: Ball
3-2: Base on Balls
Gerald Young scores
Ron Murphy to third
Ben Barker to second
Batting: LHB Charlie Dennis 0-0: Fly out, F8 (Flyball, 4MD)
Batting: RHB Elvis Hendrix 0-0: Called Strike
0-1: Swinging Strike
0-2: Ball
1-2: Strikes out looking
Batting: RHB Abraham Hardy 0-0: Ball
1-0: Foul Ball, location: 2F
1-1: Ball
2-1: Fly out, F7 (Flyball, 7LM)
Bottom of the 9th over - 2 run(s), 3 hit(s), 0 error(s), 3 left on base; Virginia Tech 4 - Oregon State 4
TOP OF THE 10TH
Virginia Tech Hokies batting - Pitching for Oregon State Beavers : LHP George Wilder
Pitching: RHP Chandler Haney
Now at 3B: Ken Ramsey
Batting: LHB Ken Walden 0-0: Foul Ball, location: 2F
0-1: Ball
1-1: Ball
2-1: Foul Ball, location: 2F
2-2: Foul Ball, location: 2F
2-2: Ball
3-2: Base on Balls
Pinch Runner at 1st Nick Moss:
Batting: RHB Francisco González 0-0: Ball
1-0: Ball
2-0: Swinging Strike
2-1: Called Strike
2-2: Foul Ball, location: 2F
2-2: Foul Ball, location: 2F
2-2: Fly out, F9 (Flyball, 9D)
Batting: RHB Felipe Núñez 0-0: Ball
1-0: Called Strike
1-1: Ball
Nick Moss is caught stealing 2nd base
2-1: Fly out, F7 (Flyball, 7S)
Top of the 10th over - 0 run(s), 0 hit(s), 0 error(s), 0 left on base; Virginia Tech 4 - Oregon State 4
BOTTOM OF THE 10TH
Oregon State Beavers batting - Pitching for Virginia Tech Hokies : LHP John Judson
Now in CF: Nick Moss
Batting: LHB Bob Johnson 0-0: Ball
1-0: Ball
2-0: Called Strike
2-1: Foul Ball, location: 2F
2-2: Ball
3-2: SINGLE (Line Drive, 9LM)
Batting: LHB Carlos Gutiérrez 0-0: Ball
1-0: Sac Bunt - play at first, batter OUT! 1-4
Bob Johnson to second
Batting: SHB Gerald Young 0-0: Intentional Walk
Batting: LHB Ken Ramsey 0-0: Ball
Wild Pitch!
Bob Johnson to third
Gerald Young to second
1-0: Intentional Walk
Batting: RHB Ben Barker 0-0: Foul Ball, location: 2F
0-1: Foul Ball, location: 2F
0-2: Ball
1-2: Strikes out swinging
Batting: RHB Jorge Costa 0-0: SINGLE (Line Drive, 3L)
Bob Johnson scores
This league is powered by Out of the Park Baseball, the baseball management simulation game for PC, Mac and Linux
Saturday, April 9th, 2016 - OOTP Baseball 16.8 Build 38